cohdb
Replays
Latest Replays
All Replays
Popular Replays
Top Player Replays
Match Explorer
How It Works
Community
CoH3 Stats
Reddit
Sign in to upload your games and track your stats! →
Sign in with Steam
Match 42341206
Unlisted
Match 42341206
Overview
Messages
Build Orders
End
Construct Barracks
Riflemen Squad
Riflemen Squad
1⁄4-ton 4x4 Truck
Riflemen Squad
Infantry Support Center
Engineer Squad
Construct Motor Pool
M8 Greyhound Armored Car
Grenade Package
M24 Chaffee Light Tank
Selects Special Operations Battlegroup
Selects M29 Weasel Recon Vehicle
Selects Smoke Screen
Selects SSF Commando Squad
SSF Commando Squad
Smoke Screen
M24 Chaffee Light Tank
Survival Training
SSF Commando Squad
Construct Weapon Support Center
Selects P-47 Anti-Infantry Loiter
Improved M9 Bazooka Rockets
Advanced Logistics
P-47 Anti-Infantry Loiter
Sani
ConcernedApe
Leo invictum
Flint_Beastwood
0
0
Comments
sign in to comment!
No comments posted yet!